 Dungeon Sprint DCSS version 0.28.0-45-g0d030f2227 (webtiles) character file.

Game seed: 1266917636526967608

11299 Zeld the Warrior (level 11, -1/171 HPs)
             Began as a Minotaur Berserker on Apr 24, 2022.
             Was the Champion of Trog.
             Engulfed by a cloud of flame (11 damage)
             ... in the Dungeon (Sprint V: "Ziggurat Sprint").
             The game lasted 00:02:51 (1576 turns).

Zeld the Warrior (Minotaur Berserker)               Turns: 1576, Time: 00:02:52

Health: -1/171     AC: 26    Str: 38    XL:     11   Next: 47%
Magic:  10/10      EV:  8    Int:  4    God:    Trog [******]
Gold:   0          SH: 21    Dex: 10    Spells: 10/10 levels left

rFire   . . .      SeeInvis +   y - +14 obsidian axe {vorpal, Mesm Drain Fly SInv}
rCold   . . .      Faith    .   i - +3 tower shield
rNeg    . . .      Spirit   .   j - +5 crystal plate armour
rPois   .          Reflect  .   (helmet restricted)
rElec   .          Harm     .   (no cloak)
rCorr   .          Rampage  .   (no gloves)
Will    .....      NoTele   +   (no boots)
Stlth   ..........              (no amulet)
HPRegen 0.38/turn               v - +6 ring of strength
MPRegen 0.12/turn               w - +6 ring of strength

@: berserking, flying, mesmerised, very quick
A: horns 2, retaliatory headbutt
a: Renounce Religion, Berserk, Trog's Hand, Brothers in Arms


You were in the Dungeon.
You worshipped Trog.
Trog was exalted by your worship.
You visited 1 branch

Inventory:

Hand Weapons
 y - the +14 obsidian axe (weapon) {vorpal, Mesm Drain Fly SInv}
   (You found it in the Dungeon)

   It inflicts extra damage upon your enemies.
   It occasionally summons demons to assist the wielder when it strikes in
   combat.
   Its wielder is mesmerised by any visible foes.
   It cannot be unequipped while any foes are visible.
   SInv:      It lets you see invisible.
   Fly:       It grants you flight.
   Drain:     It drains your maximum health when unequipped.
Armour
 i - a +3 tower shield (worn)
 j - a +5 crystal plate armour (worn)
Jewellery
 v - a +6 ring of strength (left hand)
 w - a +6 ring of strength (right hand)
Wands
 s - a wand of mindburst (7)
 t - a wand of iceblast (7)
 u - a wand of acid (7)
Scrolls
 b - 2 scrolls of brand weapon
 h - 4 scrolls of blinking
 o - 7 scrolls of fog
 p - a scroll of holy word
 q - 5 scrolls of identify
 r - 2 scrolls of fear
 C - 4 scrolls of enchant armour
Potions
 c - 10 potions of curing
 d - 10 potions of heal wounds
 e - 10 potions of haste
 f - 7 potions of magic
 g - 3 potions of berserk rage
 k - 2 potions of invisibility
 l - 4 potions of resistance
 n - 5 potions of might
Miscellaneous
 a - a box of beasts
 m - a condenser vane
 x - a lightning rod (4/4)
 z - a phial of floods
 A - a tin of tremorstones (2/2)
 B - a piece from Xom's chessboard (15/15)


   Skills:
 * Level 15.9 Fighting
 * Level 15.8 Axes
 + Level 11.4 Armour
 + Level 10.5 Dodging
 * Level 15.4 Shields
 * Level 12.1 Evocations


You had 10 spell levels left.
You didn't know any spells.
Your spell library was empty.

Dungeon Overview and Level Annotations

Branches:
Dungeon (1/1)

Altars:
Ashenzari
Cheibriados
Dithmenos
Elyvilon
Fedhas
Gozag
Hepliaklqana
Kikubaaqudgha
Makhleb
Nemelex Xobeh
Okawaru
Qazlal
Ru
Sif Muna
Trog
Uskayaw
Vehumet
Wu Jian
Xom
Yredelemnul
Zin
The Shining One
Beogh
Jiyva
Lugonu

Annotations:
D 1 transporter


Innate Abilities, Weirdness & Mutations

You have a pair of horns on your head.
You reflexively headbutt those who attack you in melee.


Message History

Your ynoxinul is engulfed in blazing flames.
Your Evocations skill increases to level 12!
Unknown command.
You slash the fire giant!
You are no longer entranced.
You kill the fire giant!
Trog accepts your kill.
Trog appreciates your killing of a magic user.
You slice the balrug!! You slash the fire vortex!
You closely miss the hell hog.
Visions of slaying the balrug flood into your mind.
You are engulfed in blazing flames.
* * * LOW HITPOINT WARNING * * *
You block the hell hog's attack.
The Ice Fiend is engulfed in blazing flames.
Your smoke demon is engulfed in blazing flames.
The hellion is engulfed in blazing flames.
The fire giant is engulfed in blazing flames.
A fire vortex comes into view.
The fire vortex hits you. The fire vortex burns you!
* * * LOW HITPOINT WARNING * * *
The fire vortex dissipates!
Your ynoxinul is engulfed in blazing flames.
Your ynoxinul dies!
Your ynoxinul disappears in a puff of smoke!
You block the balrug's attack.
Unknown command.
Unknown command.
You slash the dread lich! Your headbutt misses the dread lich.
The dread lich is moderately damaged.
You slice the hell hog!! You slice the fire giant!! You slice the fire vortex!!
You open the balrug like a pillowcase!!!
You are no longer entranced.
You kill the balrug!
Trog accepts your kill. Trog grants you a weapon!
Something appears at your feet!
You see here a +2 hand axe of flaming.
Visions of slaying the fire giant flood into your mind.
You are engulfed in blazing flames.
You die...

▓▓▓▓▓▓▓▓▓▓▓▓
▓...8©8...▓...8©8...▓.
▓..:[:[}).▓..:.|=)..▓.
▓..v)○○°°○▓..[|.[)..▓.
▓.vv°v○°v○▓.........▓.
▓.vv☼1☼°°v▓.........▓.
▓.v○1☼2h°○▓.........▓.
▓.°○ChLv°°▓...[.....▓.
▓..▓3@○▓○.▓....)....▓.
▓.▓°°°vv▓.▓.▓.....▓.▓.
▓.○○○○○○☼.▓....©....▓▓
▓▓▓▓▓▓▓▓▓▓▓▓▓▓▓▓▓▓▓▓▓


You could see a Hell Sentinel (summoned), a dread lich (fast), an Ice Fiend
(summoned), a fire giant (mesmerising), 2 hell hogs, a hellion, 12 fire vortices
and a friendly smoke demon (summoned).

Vanquished Creatures
  2 fire giants (D)
  A balrug (D)
  A ghoul (D)
  A mummy priest (D)
  A hell hog (D)
  A thrashing horror (D)
  An ugly thing (D)
  2 black mambas (D)
  An orange demon (D)
  4 freezing wraiths (D)
  2 rime drakes (D)
  A red devil (D)
  An ice devil (D)
  A blink frog (shapeshifter) (D)
  2 shadows (D)
  2 vampires (D)
  A spriggan (D)
  A fire bat (D)
  2 hell hounds (D)
  A tengu (shapeshifter) (D)
  A wolf (D)
  2 bullfrogs (D)
  2 crimson imps (D)
  A quasit (D)
  3 iron imps (D)
  A small abomination (D)
  2 mummies (D)
  A river rat (D)
  A shadow imp (D)
  3 white imps (D)
  3 ufetubi (D)
  An adder skeleton (D)
  A bat skeleton (D)
  2 ball pythons (D)
  A quokka zombie (D)
  A creeping inferno (D)
55 creatures vanquished.

Vanquished Creatures (collateral kills)
  A vampire mage (D)
  A death scarab (D)
  2 naga magi (D)
  A guardian mummy (D)
  A ynoxinul (D)
  A shadow imp (D)
  An ufetubus (D)
  An adder skeleton (D)
  A bat skeleton (D)
  A jackal (D)
  3 ball pythons (D)
14 creatures vanquished.

Vanquished Creatures (others)
  A creeping inferno (D)
  A fire vortex (D)
2 creatures vanquished.

Grand Total: 71 creatures vanquished

Notes
Turn   | Place    | Note
-------+----------+-------------------------------------------
     0 | D        | Zeld the Minotaur Berserker began the quest for the Orb.
     0 | D        | Reached XP level 1. HP: 19/19 MP: 0/0
     0 | D        | Found a blossoming altar of Fedhas.
     0 | D        | Found the +6 Majin-Bo {vamp, MP+6 Int+6}
     0 | D        | Found the +9 heavy crossbow "Sniper" {vorpal, Acc+∞ SInv}
     0 | D        | Found the +10 dark maul {vorpal}
     0 | D        | Found the +15 Maxwell's patent armour {-Cast -Tele rElec
                  | Will+ rCorr}
     0 | D        | Found the +18 shield of the Gong {rElec rN+ Will+ EV-5}
     0 | D        | Found the +14 obsidian axe {vorpal, Mesm Drain Fly SInv}
     0 | D        | Found the +7 great mace "Firestarter" {inner flame, rF++}
     0 | D        | Found the +6 shillelagh "Devastator" {shatter}
     0 | D        | Found the +11 plutonium sword {Contam Stlth-}
     0 | D        | Found the +8 lance "Wyrmbane" {slay drac, rPois rF+ rC+
                  | AC+3}
     0 | D        | Found the +9 sword of Zonguldrok {reap}
     0 | D        | Found the +13 scythe of Curses {drain, Drain}
     0 | D        | Found the +5 sword of Power {vorpal}
     0 | D        | Found the +7 mace of Variability {chain chaos}
     0 | D        | Found the +7 Singing Sword {vorpal, sonic wave}
     0 | D        | Found the +8 storm bow {elec, penet}
    10 | D        | Found a shimmering blue altar of Sif Muna.
    10 | D        | Found a sacrificial altar of Ru.
    10 | D        | Found a bloodstained altar of Trog.
    10 | D        | Found a stormy altar of Qazlal.
    10 | D        | Found an iron altar of Okawaru.
    10 | D        | Found a sparkling altar of Nemelex Xobeh.
    12 | D        | Found a transporter.
    12 | D        | Found an ancient bone altar of Kikubaaqudgha.
    12 | D        | Found a viscous altar of Jiyva.
    12 | D        | Found a corrupted altar of Lugonu.
    12 | D        | Found a hazy altar of Hepliaklqana.
    12 | D        | Found a burning altar of Makhleb.
    12 | D        | Found an opulent altar of Gozag.
    59 | D        | Reached skill level 5 in Fighting
    59 | D        | Reached skill level 5 in Axes
    59 | D        | Reached XP level 2. HP: 29/29 MP: 1/1
   139 | D        | Entered arena 2.
   139 | D        | Noticed a spriggan
   139 | D        | Noticed a wolf
   139 | D        | Found a transporter.
   142 | D        | Killed a spriggan
   143 | D        | Reached skill level 5 in Shields
   143 | D        | Reached XP level 3. HP: 35/39 MP: 2/2
   143 | D        | Reached XP level 4. HP: 42/47 MP: 3/3
   143 | D        | Reached XP level 5. HP: 47/52 MP: 4/4
   143 | D        | Killed a wolf
   144 | D        | Reached skill level 5 in Armour
   144 | D        | Reached skill level 5 in Evocations
   147 | D        | Got the ring of Dithmenos's Scorn {rPois MP+9}
   177 | D        | Entered arena 3.
   177 | D        | Noticed a red ugly thing
   177 | D        | Noticed a blink frog
   177 | D        | Found a transporter.
   179 | D        | Noticed a tengu
   179 | D        | a bullfrog changed into a tengu
   180 | D        | Killed a blink frog
   180 | D        | Reached ** piety under Trog
   180 | D        | Killed a tengu
   181 | D        | Reached skill level 5 in Dodging
   181 | D        | Reached XP level 6. HP: 63/63 MP: 5/5
   181 | D        | Reached XP level 7. HP: 70/70 MP: 6/6
   186 | D        | Killed a red ugly thing
   187 | D        | Reached skill level 10 in Fighting
   187 | D        | Reached skill level 10 in Axes
   394 | D        | Entered arena 4.
   394 | D        | Found a transporter.
   396 | D        | Reached *** piety under Trog
   397 | D        | Reached XP level 8. HP: 79/79 MP: 7/7
   404 | D        | Entered arena 5.
   404 | D        | Noticed a red devil
   404 | D        | Found a transporter.
   407 | D        | Reached **** piety under Trog
   411 | D        | Killed a red devil
   412 | D        | Reached skill level 10 in Shields
   713 | D        | Entered arena 6.
   713 | D        | Noticed a thrashing horror
   713 | D        | Found a transporter.
   716 | D        | Reached ***** piety under Trog
   722 | D        | Killed a thrashing horror
   723 | D        | Reached XP level 9. HP: 61/90 MP: 8/8
   838 | D        | Entered arena 7.
   839 | D        | Found a transporter.
   841 | D        | Received a gift from Trog
   957 | D        | Entered arena 8.
   957 | D        | Noticed a death scarab
   957 | D        | Noticed a guardian mummy
   957 | D        | Noticed a mummy priest
   958 | D        | Found a transporter.
   960 | D        | Killed a death scarab
   962 | D        | Noticed a red devil
   962 | D        | Noticed a sun demon
   964 | D        | Killed a guardian mummy
   965 | D        | Received a gift from Trog
   966 | D        | Killed a mummy priest
   967 | D        | Reached ****** piety under Trog
  1098 | D        | Entered arena 9.
  1098 | D        | Noticed a freezing wraith
  1098 | D        | Noticed a rime drake
  1098 | D        | Noticed a freezing wraith
  1098 | D        | Noticed a freezing wraith
  1098 | D        | Noticed a rime drake
  1098 | D        | Noticed an ice devil
  1098 | D        | Noticed a freezing wraith
  1099 | D        | Found a transporter.
  1102 | D        | Killed a rime drake
  1103 | D        | Reached XP level 10. HP: 101/101 MP: 9/9
  1104 | D        | Reached skill level 10 in Evocations
  1104 | D        | Received a gift from Trog
  1111 | D        | Reached skill level 10 in Armour
  1151 | D        | Entered arena 10.
  1151 | D        | Noticed an orange demon
  1152 | D        | Found a transporter.
  1154 | D        | Received a gift from Trog
  1159 | D        | Killed an orange demon
  1262 | D        | Entered arena 11.
  1262 | D        | Noticed a black mamba
  1262 | D        | Noticed a black mamba
  1262 | D        | Noticed a naga mage
  1262 | D        | Noticed a naga mage
  1263 | D        | Found a transporter.
  1265 | D        | Killed a black mamba
  1266 | D        | Received a gift from Trog
  1267 | D        | Killed a black mamba
  1270 | D        | Killed a naga mage
  1272 | D        | Killed a naga mage
  1272 | D        | Received a gift from Trog
  1277 | D        | Got the amulet of the Hundredfold Beasts {Spirit Fly rF+
                  | Int+4}
  1356 | D        | Entered arena 12.
  1356 | D        | Noticed a vampire mage
  1357 | D        | Noticed a ghoul
  1358 | D        | Found a transporter.
  1363 | D        | Noticed a shadow wraith
  1364 | D        | Killed a vampire mage
  1364 | D        | Received a gift from Trog
  1365 | D        | Reached XP level 11. HP: 60/111 MP: 10/10
  1368 | D        | Reached skill level 15 in Fighting
  1369 | D        | Killed a ghoul
  1370 | D        | Reached skill level 15 in Axes
  1370 | D        | Reached skill level 10 in Dodging
  1566 | D        | Entered arena 13.
  1566 | D        | Noticed a fire giant
  1566 | D        | Noticed a hell hog
  1566 | D        | Noticed a fire giant
  1566 | D        | Noticed a hell hog
  1566 | D        | Noticed a balrug
  1566 | D        | Noticed a fire giant
  1567 | D        | Noticed a dread lich
  1567 | D        | Noticed a hell hog
  1568 | D        | Found a transporter.
  1572 | D        | Noticed an Ice Fiend
  1573 | D        | Killed a fire giant
  1573 | D        | Received a gift from Trog
  1574 | D        | Reached skill level 15 in Shields
  1574 | D        | Noticed a Hell Sentinel
  1574 | D        | Killed a hell hog
  1575 | D        | Killed a fire giant
  1576 | D        | Killed a balrug
  1576 | D        | Received a gift from Trog
  1576 | D        | Engulfed by a cloud of flame

Illustrated notes

Levels and vault maps discovered:
D:        sprint_v [room_start, room_1, room_2, room_3, room_4, room_5, room_6,
          room_7, room_8, room_9, room_10, room_11, room_12, room_13, room_14,
          room_15, room_16, room_17, room_18, room_19, room_20, room_21,
          room_22, room_23, room_24, room_25, room_26, room_27]

Skill      XL: |  1  2  3  4  5  6  7  8  9 10 11 |
---------------+----------------------------------+-----
Fighting       | 5 7 9 10 11 13 14 15 | 15.9
Axes           | 5 7 9 10 11 13 14 15 | 15.8
Armour         | 3 4 6 7 8 9 10 11 | 11.4
Dodging        | 3 4 5 6 7 8 9 10 | 10.5
Shields        | 3 5 8 9 11 12 14 15 | 15.4
Evocations     | 2 4 6 7 8 9 11 12 | 12.1

Action                   |  1- 3 |  4- 6 |  7- 9 | 10-12 || total
-------------------------+-------+-------+-------+-------++-------
Melee: Broad axe         |     2 |     3 |    31 |    40 ||    76
       Headbutt          |       |       |     4 |     6 ||    10
Invok: Berserk           |       |       |     1 |     2 ||     3
  Use: Potion            |     1 |       |       |       ||     1
Armor: Crystal plate arm |     4 |       |    23 |    18 ||    45
Dodge: Dodged            |     1 |     1 |     8 |    10 ||    20
Block: Tower shield      |     5 |     2 |    36 |    41 ||    84
